 Dungeon Crawl Stone Soup version 0.26-a0-639-g72c4674329 (webtiles) character file.

Game seed: 5933697493006384851

4 Masnef the Sneak (level 1, -2/10 HPs)
             Began as a Kobold Enchanter on Sept 19, 2020.
             Slain by a hobgoblin (4 damage)
             ... on level 1 of the Dungeon.
             The game lasted 00:00:31 (222 turns).

Masnef the Sneak (Kobold Enchanter)                  Turns: 222, Time: 00:00:31

Health: -2/10      AC:  2    Str:  5    XL:     1   Next: 66%
Magic:  3/3        EV: 15    Int: 16    God:
Gold:   29         SH:  0    Dex: 15    Spells: 3/4 levels left

rFire    . . .     SeeInvis .   a - +1 dagger
rCold    . . .     Faith    .   (shield restricted)
rNeg     . . .     Spirit   .   b - +0 robe
rPois    .         Reflect  .   (no helmet)
rElec    .         Harm     .   (no cloak)
rCorr    .         Rampage  .   (no gloves)
MR       .....                  (no boots)
Stlth    ++++......             (no amulet)
HPRegen  0.03/turn              (no ring)
MPRegen  0.08/turn              (no ring)

@: no status effects
A: small, nightstalker 3
a: no special abilities


You were on level 1 of the Dungeon.
You visited 1 branch of the dungeon, and saw 1 of its levels.

You collected 29 gold pieces.

Inventory:

Hand Weapons
 a - a +1 dagger (weapon)
Armour
 b - a +0 robe (worn)
Scrolls
 d - a scroll of identify {unknown}
 e - a scroll of immolation {unknown}
Potions
 c - a potion of flight {unknown}


   Skills:
 - Level 1.3 Short Blades
 - Level 2.4 Dodging
 + Level 4.5 Stealth
 - Level 2.1 Spellcasting
 - Level 3.0 Hexes


You had 3 spell levels left.
You knew the following spells:

 Your Spells              Type           Power        Failure   Level
a - Corona                Hex            ##.....      6%          1

Your spell library contained the following spells:

 Spells                   Type           Power        Failure   Level
 Ensorcelled Hibernation  Hex/Ice        #.....       17%         2
 Confusing Touch          Hex            ##......     19%         3
 Tukima's Dance           Hex            ##......     19%         3
 Dazzling Flash           Conj/Hex       #.....       32%         3


Dungeon Overview and Level Annotations

Branches:
Dungeon (1/15)

Altars:


Innate Abilities, Weirdness & Mutations

You are small and have problems with some larger weapons.
You are completely attuned to the shadows.


Message History

You are too injured to fight recklessly!
You are too injured to fight recklessly!
You hit the kobold.
The kobold is moderately wounded.
The kobold closely misses you.
You hit the kobold but do no damage.
The kobold is moderately wounded.
The kobold closely misses you.
You hit the kobold.
You kill the kobold!
The hobgoblin hits you.
* * * LOW HITPOINT WARNING * * *
The hobgoblin barely misses you.
You hit the hobgoblin but do no damage. You barely miss the hobgoblin.
The hobgoblin barely misses you.
You barely miss the hobgoblin. The hobgoblin closely misses you.
You hit the hobgoblin.
The hobgoblin is moderately wounded.
The hobgoblin hits you.
You die...

#..# ##.............#.#
#..# #................#
#..# #...†............#
#..# #...............##
#.>###...............##
#....#.................
#..##.#...............##.
#.# #..#...........†....
#. #..#..#@(.......#.^.
#..#..g##...........
#......####.......##
...#....# ###...###
#..#....## ##.##
#........# ###'###
####..#.....###.....##
....#........##.......#
...........####...<...#


You could see a hobgoblin.

Vanquished Creatures
  2 goblins (D:1)
  A frilled lizard (D:1)
  A kobold (D:1)
4 creatures vanquished.

Notes
Turn   | Place    | Note
-------+----------+-------------------------------------------
     0 | D:1      | Masnef the Kobold Enchanter began the quest for the Orb.
     0 | D:1      | Reached XP level 1. HP: 10/10 MP: 3/3
   222 | D:1      | Slain by a hobgoblin

Illustrated notes

Levels and vault maps discovered:
D:1:      onia_arrival_pentagram, layout_rooms

Action                   || total
-------------------------++-------
Melee: Dagger            ||    18
 Stab: Sleeping          ||     1
Armor: Robe              ||     1
Dodge: Dodged            ||    15

Table legend: (Time is in decaauts)
 A = Elapsed time spent in this place.
 B = Non-inter-level travel time spent in this place.
 C = Inter-level travel time spent in this place.
 D = Time resting spent in this place.
 E = Time spent auto-exploring this place.
 F = Levels seen in this place.
 G = Mean time per level.
                   A        B        C        D        E       F      G
               +--------+--------+--------+--------+--------+-----+--------+
         Total |    220 |    220 |      0 |     82 |     82 |   1 |  220.0 |
       Dungeon |    220 |    220 |      0 |     82 |     82 |   1 |  220.0 |
               +--------+--------+--------+--------+--------+-----+--------+

Top non-repeatable levels by time:
     D:1: 220 daAuts
